 Dungeon Crawl Stone Soup version bcrawl-1.15.1 (webtiles) character file.

Game seed: 6663321027843151993

208349 Chiseanne the Tainter (level 17, -5/129 HPs)
             Began as a Mummy Archaeologist on Sept 24, 2019.
             Was an Initiate of Gozag.
             Slain by a jiangshi (25 damage)
             ... led by a vampire mage
             ... on level 1 of the Depths on Sept 26, 2019.
             The game lasted 03:47:13 (31722 turns).

Chiseanne the Tainter (Mummy Archaeologist)        Turns: 31722, Time: 03:47:13

Health: -5/129     AC: 16    Str: 21    XL:     17   Next: 64%
Magic:  17/40      EV: 21    Int: 21    God:    Gozag
Gold:   440        SH:  9    Dex: 19    Spells: 1/37 levels left

rFire    + . .     SeeInvis .   R - +8 flail "Hunaefehis" {speed, Int+5}
rCold    + . .     Gourm    .   k - +3 buckler {reflect}
rNeg     + + +     Faith    .   f - +2 robe of Vines {NoPotionHeal Regen+7}
rPois    ∞         Spirit   .   L - +1 helmet "Cekistam" {+Fly rF- MP+9 Slay+6}
rElec    +         Reflect  +   q - +5 cloak "Rangimotimm" {MR+ Str+4}
rCorr    +         Harm     .   u - +0 pair of hand wraps "Fists of Thunder" {+elec, rElec Slay+2}
MR       ++...     Clarity  +   T - +2 pair of boots {run}
Stlth    +++.......             H - amulet of magic regeneration
HPRegen  3.11/turn              x - ring "Aptyemoc" {rPois rF+ MR- Int+5}
MPRegen  0.52/turn              j - ring of Rachif {rF++ rCorr Int-3 Dex+5}

@: studying Maces & Flails, quick
A: no food or potions, fire vulnerability, clarity, cold resistance 1, negative
energy resistance 3, torment resistance, unbreathing, in touch with death 1
}: 2/15 runes: decaying, serpentine
a: Potion Petition, Call Merchant, Bribe Branch, Renounce Religion, Evoke Flight


You were on level 1 of the Depths.
You worshipped Gozag.
Gozag was aware of your devotion.
You were not hungry.

You visited 6 branches of the dungeon, and saw 26 of its levels.
You also visited: Sewer, Bailey, Gauntlet and Ice Cave.

You collected 12066 gold pieces.
You spent 8084 gold pieces at shops.
You paid 3542 gold pieces to Gozag.

Inventory:

Hand Weapons
 a - the +7 dagger of the Onslaught {vamp, Str+4 Int+4}
   (You bought it in a shop on level 10 of the Dungeon)

   It inflicts no extra harm, but heals its wielder when it wounds a living foe.
   It affects your strength (+4).
   It affects your intelligence (+4).
 s - a +7 dagger of venom
 w - a +0 blowgun
 B - a +1 battleaxe of flaming
 R - the +8 flail "Hunaefehis" (weapon) {speed, Int+5}
   (You bought it in a shop on level 10 of the Dungeon)

   Attacks with this weapon are significantly faster.
   It affects your intelligence (+5).
Missiles
 d - 47 javelins (quivered)
 g - 77 tomahawks of dispersal
 r - 286 tomahawks
 v - 149 javelins of penetration
 A - 78 poisoned tomahawks
 D - 63 silver javelins
 X - 45 curare-tipped needles
Armour
 f - the +2 robe of Vines (worn) {NoPotionHeal Regen+7}

   It increases your rate of regeneration.
 k - a +3 buckler of reflection (worn)
 q - the +5 cloak "Rangimotimm" (worn) {MR+ Str+4}
   (You bought it in a shop on level 11 of the Dungeon)

   It affects your strength (+4).
   It affects your resistance to hostile enchantments.
 u - the +0 pair of hand wraps "Fists of Thunder" (worn) {+elec, rElec Slay+2}
   (You bought it in a shop on level 6 of the Dungeon)

   It affects your accuracy and damage with ranged weapons and melee attacks
   (+2).
   It insulates you from electricity.
 L - the +1 helmet "Cekistam" (worn) {+Fly rF- MP+9 Slay+6}
   (You found it in an ice cave)

   It affects your accuracy and damage with ranged weapons and melee attacks
   (+6).
   It makes you vulnerable to fire.
   It affects your magic capacity (+9).
   It lets you fly.
 T - a +2 pair of boots of running (worn)
Jewellery
 j - the ring of Rachif (right hand) {rF++ rCorr Int-3 Dex+5}
   (You found it on level 4 of the Lair of Beasts)

   [ring of resist corrosion]

   It affects your intelligence (-3).
   It affects your dexterity (+5).
   It greatly protects you from fire.
   It provides partial protection from all sources of acid and corrosion.
 m - an uncursed ring of see invisible
 x - the ring "Aptyemoc" (left hand) {rPois rF+ MR- Int+5}
   (You bought it in a shop on level 12 of the Dungeon)

   [ring of poison resistance]

   It affects your intelligence (+5).
   It protects you from fire.
   It protects you from poison.
   It affects your resistance to hostile enchantments.
 H - an amulet of magic regeneration (around neck)
 Q - an uncursed amulet of the acrobat
Wands
 t - a wand of polymorph (18)
 E - a wand of digging (8)
 P - a wand of paralysis (4)
Scrolls
 b - 4 scrolls of immolation
 c - a scroll of brand weapon
 i - 11 scrolls of remove curse
 l - a scroll of fear
 o - a scroll of magic mapping
 p - 11 scrolls of teleportation
 I - 2 scrolls of silence
 M - 2 scrolls of fog
 N - a scroll of blinking
Books
 e - a manual of Maces & Flails
Miscellaneous
 h - a fan of gales (inert)
 y - a phial of floods
 F - a lightning rod (4/4)
 G - a lamp of fire


   Skills:
 - Level 10.6 Fighting
 - Level 5.3 Short Blades
 + Level 6.3 Maces & Flails
 - Level 0.3 Throwing
 - Level 10.2 Dodging
 - Level 4.4 Stealth
 - Level 7.3 Shields
 - Level 10.9 Spellcasting
 - Level 4.3 Conjurations
 - Level 11.4 Hexes
 - Level 4.9 Charms
 - Level 4.1 Translocations
 - Level 9.2 Transmutations
 - Level 4.8 Fire Magic
 - Level 6.3 Air Magic
 - Level 13.0 Poison Magic
 - Level 4.9 Evocations


You had one spell level left.
You knew the following spells:

 Your Spells              Type           Power        Failure   Level  Hunger
a - Confuse               Hex            ######..     1%          3    N/A
b - Dazzling Spray        Conj/Hex       #####.       1%          3    N/A
c - Conjure Flame         Conj/Fire      ####....     2%          3    N/A
d - Mephitic Cloud        Conj/Pois/Air  #####...     1%          3    N/A
e - Blink                 Tloc           N/A          1%          2    N/A
f - Deflect Missiles      Chrm/Air       #####.....   65%         6    N/A
g - Infestation           Hex/Tmut/Pois  ######...    9%          6    N/A
h - Silence               Hex/Air        #####.....   4%          5    N/A
i - Summon Mana Viper     Hex/Summ       #####...     16%         5    N/A

Your spell library contained the following spells:

 Spells                   Type           Power        Failure   Level  Hunger
 Magic Dart               Conj           ####         1%          1    N/A
 Slow                     Hex            ######..     1%          1    N/A
 Sticks to Snakes         Tmut           ######..     1%          2    N/A
 Yara's Violent Unravell  Hex/Tmut       ######....   1%          4    N/A
 Recall                   Summ/Tloc      N/A          8%          3    N/A
 Call Imp                 Summ           ##......     9%          2    N/A
 Petrify                  Tmut/Erth      ####....     9%          4    N/A
 Metabolic Englaciation   Hex/Ice        #####.....   16%         5    N/A
 Piercing Shot            Chrm           ####......   22%         5    N/A
 Iskenderun's Battlesphe  Conj/Chrm      ####....     26%         5    N/A
 Poison Arrow             Conj/Pois      #####.....   26%         6    N/A
 Summon Forest            Summ/Tloc      ###.......   56%         5    N/A
 Aura of Abjuration       Summ           ##........   86%         5    N/A
 Summon Demon             Summ           ##........   86%         5    N/A
 Mana Rupture             Conj/Hex       #####.....   89%         7    N/A
 Iron Shot                Conj/Erth      ###.......   98%         6    N/A
 Discord                  Hex            ######....   98%         8    N/A
 Death Channel            Necr           ###.......   100%        6    N/A
 Shadow Creatures         Summ           N/A          100%        6    N/A
 Haunt                    Necr/Summ      ###.......   100%        7    N/A
 Orb of Destruction       Conj           ####......   100%        7    N/A
 Spellforged Servitor     Conj/Summ      ###.......   100%        7    N/A
 Beastly Appendage        Tmut           Unusable     N/A         1    N/A
 Spider Form              Tmut/Pois      Unusable     N/A         3    N/A
 Tree Form                Hex/Tmut       Unusable     N/A         5    N/A
 Blade Hands              Tmut           Unusable     N/A         5    N/A
 Ice Form                 Ice/Tmut       Unusable     N/A         4    N/A
 Dragon Form              Tmut           Unusable     N/A         7    N/A
 Statue Form              Tmut/Erth      Unusable     N/A         6    N/A
 Borgnjor's Revivificati  Necr           Unusable     N/A         8    N/A
 Necromutation            Tmut/Necr      Unusable     N/A         8    N/A

Dungeon Overview and Level Annotations

Branches:
Dungeon (12/12)            Temple (0/1) D:5            Lair (6/6) D:7
  Swamp (3/3) Lair:2        Snake (3/3) Lair:4        Slime (0/5) Lair:6
    Orc (1/1) D:11            Elf (0/3) Orc          Vaults (0/3) D:12
 Depths (1/5) D:12

Altars:
Fedhas
Gozag
Lugonu
Nemelex Xobeh
Uskayaw
The Shining One
Beogh
Jiyva

Shops:
D:6 [   D:9 :=   D:10 (   D:11 [   D:12 ?*(=   Orc *!**=   Snake:1 =

Portals:
Ziggurat: Depths:1

Annotations:
D:9 2 transporters, Erolcha
Lair:4 exclusion: ice statue
Lair:5 exclusion: oklob plant
Swamp:2 Bai Suzhen


Innate Abilities, Weirdness & Mutations

You do not eat or drink.
Your flesh is vulnerable to fire.
You are immune to poison.
You possess an exceptional clarity of mind.
Your flesh is cold resistant. (rC+)
You are immune to negative energy. (rN+++)
You are immune to unholy pain and torment.
You can survive without breathing.
You are in touch with the powers of death.


Message History

A mana viper appears with a sibilant hiss.
The jiangshi claws you but does no damage. x2
The jiangshi claws you!!
* * * LOW HITPOINT WARNING * * *
You block the jiangshi's attack.
The jiangshi claws you but does no damage. x2
Your mana viper barely misses the jiangshi.
Your mana viper bites the jiangshi!
The water elemental misses your mana viper.
Your mana viper bites the jiangshi but does no damage.
Casting: Summon Mana Viper (quite dangerous; 16% risk of failure)
Confirm with . or Enter, or press ? or * to list all spells.
A mana viper appears with a sibilant hiss.
The jiangshi claws you.
* * * LOW HITPOINT WARNING * * *
The jiangshi claws you!!
* * * LOW HITPOINT WARNING * * *
The jiangshi closely misses you. The jiangshi claws you!!
You die...
Your body crumbles into a pile of gold.

#.# #.# #.# #.#########
#.# #####.#........
#.##....#.#........ #.#..#
#........[. #...##
##.........
#.#..##............
########.S...#.#.+........
.........@...# ###........
.........V...#.# #!.......
.............#.# #.#######
########S#####.# #.. #
#.#.....# #E#.# ### #.#.#
#.#.# #...#


You could see a jiangshi, a water elemental and 2 friendly mana vipers.

Vanquished Creatures
  Jorgrun (D:12)
  Rupert (Orc)
  A thorn hunter (Swamp:3)
  Kirke (Lair:3)
  6 nagarajas
  Aizul (Swamp:2)
  A stone giant (Depths:1)
  2 very ugly things (Depths:1)
  A jiangshi (Depths:1)
  A fire dragon (D:11)
  An ettin (Depths:1)
  3 ice dragons
  A rakshasa (Depths:1)
  20 naga warriors
  A spriggan air mage (Depths:1)
  2 centaur warriors
  A merfolk avatar (Lair:6)
  Harold (D:9)
  An anaconda (Snake:2)
  19 hydras
  13 two-headed ogres
  4 ogre magi (Orc)
  The ghost of lis82 the Eclecticist, a journeyman AvFE of Sif Muna (D:10)
  A vampire mage (Depths:1)
  8 alligators
  5 shock serpents
  11 naga sharpshooters
  2 salamander mystics
  5 skeletal warriors
  4 swamp dragons
  2 deep trolls (Depths:1)
  An unseen horror (D:7)
  3 sea snakes
  3 spriggan druids (Swamp:2)
  3 naga ritualists
  An elephant (Lair:6)
  A lindwurm (Lair:5)
  A wizard (D:12)
  2 cyclopes
  4 deep elf magi
  A harpy (Lair:6)
  A wolf spider zombie (D:12)
  An orb spider (shapeshifter) (D:11)
  A necromancer (D:12)
  3 mana vipers
  An oklob plant (Lair:2)
  7 salamanders
  6 ugly things
  10 naga magi
  9 guardian serpents
  13 black mambas
  A molten gargoyle (Lair:2)
  10 cane toads
  3 yaktaurs (D:12)
  4 anaconda simulacra (IceCv)
  6 rime drakes
  A freezing wraith (IceCv)
  7 ice devils (IceCv)
  3 kobold demonologists
  10 komodo dragons
  3 trolls
  8 polar bears
  11 tyrant leeches
  4 hornets
  A wind drake (Lair:6)
  A wolf spider simulacrum (IceCv)
  A harpy skeleton (D:12)
  A bog body (Swamp:3)
  16 slime creatures
  13 hippogriffs
  8 blink frogs (Lair:6)
  6 dream sheep (Lair:5)
  2 shadows (Swamp:1)
  2 spriggans (Swamp:2)
  7 wyverns
  3 water elementals (Depths:1)
  3 dire elephant simulacra (IceCv)
  4 hogs (Lair:3)
  3 basilisks
  38 yaks
  A death yak simulacrum (IceCv)
  2 hungry ghosts
  A redback simulacrum (D:12)
  58 nagas
  7 swamp worms
  8 vampire mosquitoes
  5 harpy simulacra (IceCv)
  A warg (Orc)
  12 water moccasins
  3 insubstantial wisps (Swamp:2)
  3 soldier ants (D:10)
  Duvessa (D:6)
  3 hydra simulacra (IceCv)
  14 porcupines
  2 sky beasts
  9 swamp drakes
  13 orc warriors
  28 ogres
  6 ice beasts
  52 wolves
  3 boggarts (Depths:1)
  A necrophage (D:9)
  3 centaurs
  15 bullfrogs
  10 crocodiles
  9 big kobolds
  Dowan (D:6)
  A jelly (D:11)
  2 scorpions
  A water moccasin skeleton (D:6)
  7 killer bees (D:8)
  5 wights (D:8)
  An elephant simulacrum (IceCv)
  3 electric eels (Snake:1)
  4 crimson imps
  A draconian simulacrum (IceCv)
  7 hounds
  3 centaur zombies
  11 orc priests
  2 bullfrog skeletons (D:4)
  5 centaur skeletons
  An iguana (D:8)
  6 worker ants
  17 orc wizards
  A polar bear simulacrum (IceCv)
  4 troll simulacra (IceCv)
  2 spriggan simulacra (IceCv)
  A killer bee zombie (D:5)
  A wolf simulacrum (IceCv)
  2 centaur simulacra (IceCv)
  14 adders
  2 gnolls
  2 worker ant zombies
  2 naga simulacra (IceCv)
  A river rat (D:5)
  A shadow imp (D:9)
  7 white imps
  An ufetubus (IceCv)
  An ooze (D:4)
  11 worms
  A dart slug (D:2)
  5 leopard geckos
  40 orcs
  4 ball pythons
  9 giant cockroaches
  8 goblins
  9 hobgoblins
  11 jackals
  34 kobolds
  2 quokkas
  5 bats
  4 frilled lizards
  A quokka skeleton (D:4)
  8 rats
  A fire vortex (Lair:2)
  2 fungi
919 creatures vanquished.

Vanquished Creatures (collateral kills)
  2 nagarajas (Snake:3)
  A hydra (Lair:4)
  A naga warrior (Snake:1)
  A catoblepas (Lair:6)
  A dancing weapon (D:12)
  2 naga sharpshooters (Snake:3)
  A cyclops (D:10)
  A salamander (Snake:1)
  2 elephants (Lair:6)
  A naga mage (Snake:1)
  A cane toad (Lair:6)
  A water moccasin (Lair:6)
  A wolf (Lair:5)
  2 orcs (D:12)
18 creatures vanquished.

Vanquished Creatures (others)
  A nagaraja (Snake:3)
  A hydra (Swamp:2)
  A dancing weapon (D:12)
  A shock serpent (Snake:1)
  2 naga sharpshooters (Snake:3)
  A spriggan druid (Swamp:2)
  A cyclops (D:12)
  2 naga magi
  2 elephants (Lair:6)
  2 yaktaurs (D:12)
  A polar bear (Lair:4)
  A slime creature (D:12)
  A naga (Snake:3)
  A swamp drake (Swamp:2)
  A big kobold (D:10)
  2 white imps
  3 ufetubi (IceCv)
  2 kobolds (Bailey)
  11 fungi
  22 plants
59 creatures vanquished.

Grand Total: 996 creatures vanquished

Notes
Turn   | Place    | Note
-------+----------+-------------------------------------------
     0 | D:1      | Chiseanne the Mummy Archaeologist began the quest for the
                  | Orb.
     0 | D:1      | Reached XP level 1. HP: 15/15 MP: 1/1
   453 | D:1      | Reached XP level 2. HP: 16/21 MP: 2/2
   888 | D:1      | Reached XP level 3. HP: 27/27 MP: 3/3
  1223 | D:3      | Reached XP level 4. HP: 18/33 MP: 4/4
  1545 | D:3      | Reached skill level 5 in Dodging
  1664 | D:3      | Reached XP level 5. HP: 27/38 MP: 5/5
  2124 | D:4      | Reached XP level 6. HP: 45/45 MP: 6/6
  2461 | D:3      | Found an opulent altar of Gozag.
  2470 | D:3      | Became a worshipper of Gozag Ym Sagoz the Greedy
  2522 | D:3      | Reached skill level 1 in Short Blades
  2969 | D:2      | Reached XP level 7. HP: 52/52 MP: 7/7
  3408 | D:2      | Found a faded altar of an unknown god.
  3872 | D:4      | Found a glowing golden altar of the Shining One.
  4061 | D:5      | Entered Level 5 of the Dungeon
  4164 | D:5      | Found a sparkling altar of Nemelex Xobeh.
  4257 | D:5      | Found a glowing drain.
  4306 | Sewer    | Entered a sewer
  4446 | Sewer    | Found a glowing silver altar of Zin.
  4507 | D:5      | Found a staircase to the Ecumenical Temple.
  4522 | D:5      | Reached XP level 8. HP: 55/61 MP: 8/8
  4529 | D:5      | Learned a level 3 spell: Confuse
  4623 | D:5      | Reached skill level 1 in Spellcasting
  4972 | D:6      | Noticed Dowan
  4973 | D:6      | Noticed Duvessa
  4995 | D:6      | Killed Duvessa
  4995 | D:6      | Reached skill level 1 in Hexes
  5017 | D:6      | Killed Dowan
  5099 | D:6      | Reached skill level 1 in Shields
  5239 | D:6      | Reached skill level 5 in Fighting
  5513 | D:6      | Noticed a hippogriff
  5514 | D:6      | Noticed a black mamba
  5514 | D:6      | a hippogriff changed into a black mamba
  5540 | D:6      | Killed a black mamba
  5682 | D:6      | Reached XP level 9. HP: 69/69 MP: 14/14
  5866 | D:7      | Found a hide-covered altar of Uskayaw.
  6049 | D:7      | Reached skill level 5 in Spellcasting
  6178 | D:7      | Found a staircase to the Lair.
  6344 | D:7      | Learned a level 3 spell: Dazzling Spray
  6569 | D:7      | Noticed an unseen horror
  6585 | D:7      | Killed an unseen horror
  6585 | D:7      | Reached skill level 5 in Hexes
  6585 | D:7      | Reached XP level 10. HP: 70/79 MP: 19/19
  7179 | D:6      | Bought the +0 pair of hand wraps "Fists of Thunder" {+elec,
                  | rElec Slay+2} for 525 gold pieces
  7179 | D:6      | Found the +0 pair of hand wraps "Fists of Thunder" {+elec,
                  | rElec Slay+2}
  7352 | D:8      | Noticed Harold
  7364 | D:8      | Found a flagged portal.
  7373 | D:8      | Got an encrusted hand axe
  7380 | D:8      | Identified the +3 hand axe of Bodily Harmony {chop, *Rage
                  | +Rage rC+ Str+5} (You found it on level 8 of the Dungeon)
  7407 | Bailey   | Entered a bailey
  8648 | D:9      | Bought a book of Minor Magic for 280 gold pieces
  8653 | D:9      | Learned a level 3 spell: Conjure Flame
  8657 | D:9      | Learned a level 3 spell: Mephitic Cloud
  8660 | D:9      | Learned a level 2 spell: Blink
  8733 | D:9      | Noticed an unseen horror
  8734 | D:9      | Found a corrupted altar of Lugonu.
  8734 | D:9      | Found a transporter.
  8735 | D:9      | Noticed a brown ugly thing
  8735 | D:9      | Noticed a green ugly thing
  8735 | D:9      | Noticed Erolcha
  8736 | D:9      | Noticed a purple ugly thing
  8739 | D:9      | Noticed a white ugly thing
  8839 | D:9      | Got an iridescent mace
  8856 | D:9      | Found a transporter.
  8858 | D:9      | Identified the +1 mace of Gluttony {vamp, rElec Dex+3} (You
                  | found it on level 9 of the Dungeon)
  9073 | D:10     | Entered Level 10 of the Dungeon
  9147 | D:10     | Noticed a cyclops
  9169 | D:10     | Killed a cyclops
  9224 | D:10     | Noticed a deep elf mage
  9242 | D:10     | Killed a deep elf mage
  9242 | D:10     | Reached XP level 11. HP: 74/87 MP: 17/23
  9363 | D:10     | Noticed a skeletal warrior
  9363 | D:10     | Noticed a skeletal warrior
  9365 | D:10     | Noticed a skeletal warrior
  9366 | D:10     | Noticed a skeletal warrior
  9508 | Lair:1   | Entered Level 1 of the Lair of Beasts
  9678 | Lair:1   | Noticed a five-headed hydra
 10081 | Lair:1   | Reached skill level 5 in Shields
 10616 | Lair:2   | Found a sparkling altar of Nemelex Xobeh.
 10616 | Lair:2   | Noticed an oklob plant
 10643 | Lair:2   | Killed an oklob plant
 10803 | Lair:2   | Found a staircase to the Swamp.
 11385 | Lair:3   | Noticed a five-headed hydra
 11414 | Lair:3   | Killed a five-headed hydra
 11465 | Lair:3   | Found a gate leading to a gauntlet.
 11499 | Gauntlet | Entered a Gauntlet
 11499 | Gauntlet | Found a transporter.
 11499 | Gauntlet | Found a transporter.
 11501 | Gauntlet | Noticed a wizard
 11503 | Gauntlet | Found a transporter.
 11503 | Gauntlet | Found a transporter.
 11768 | Lair:3   | Reached XP level 12. HP: 87/96 MP: 8/25
 11869 | Lair:3   | Reached skill level 10 in Spellcasting
 12224 | Lair:3   | Noticed Kirke
 12311 | Lair:3   | Killed Kirke
 12311 | Lair:3   | Reached skill level 10 in Fighting
 13125 | Lair:4   | Found a staircase to the Snake Pit.
 13205 | Lair:4   | Noticed a four-headed hydra
 13223 | Lair:4   | Killed a four-headed hydra
 13277 | Lair:4   | Noticed a four-headed hydra
 13282 | Lair:4   | Reached skill level 10 in Dodging
 13313 | Lair:4   | Killed a four-headed hydra
 13405 | Lair:4   | Reached skill level 1 in Evocations
 13465 | Lair:4   | Noticed an ice dragon
 13512 | Lair:4   | Killed an ice dragon
 13654 | Lair:4   | Noticed an eight-headed hydra
 13685 | Lair:4   | Noticed a seven-headed hydra
 13837 | Lair:4   | Noticed a four-headed hydra
 13863 | Lair:4   | Killed an eight-headed hydra
 13863 | Lair:4   | Gained mutation: You are in touch with the powers of death.
                  | [Mummy growth]
 13863 | Lair:4   | Reached XP level 13. HP: 104/104 MP: 27/27
 13988 | Lair:4   | Got a steaming lead ring
 14014 | Lair:4   | Identified the ring of Rachif {rF++ rCorr Int-3 Dex+5} (You
                  | found it on level 4 of the Lair of Beasts)
 14340 | Lair:5   | Reached skill level 1 in Conjurations
 14340 | Lair:5   | Reached skill level 1 in Air Magic
 14340 | Lair:5   | Reached skill level 1 in Poison Magic
 14634 | Lair:5   | Reached skill level 1 in Translocations
 14904 | Lair:5   | Found a blossoming altar of Fedhas.
 15072 | Lair:6   | Entered Level 6 of the Lair of Beasts
 15189 | Lair:6   | Reached skill level 2 in Poison Magic
 15941 | Lair:6   | Reached skill level 3 in Poison Magic
 15999 | Lair:6   | Reached XP level 14. HP: 111/111 MP: 24/28
 16297 | Lair:6   | Found a viscous altar of Jiyva.
 16297 | Lair:6   | Found a staircase to the Slime Pits.
 16749 | D:10     | Bought a transparent dagger for 280 gold pieces
 16749 | D:10     | Bought a scorched flail for 340 gold pieces
 16750 | D:10     | Identified the +8 flail "Hunaefehis" {speed, Int+5} (You
                  | bought it in a shop on level 10 of the Dungeon)
 16758 | D:10     | Identified the +7 dagger of the Onslaught {vamp, Str+4
                  | Int+4} (You bought it in a shop on level 10 of the Dungeon)
 16867 | D:9      | Bought a cursed ring of attention for 54 gold pieces
 16867 | D:9      | Bought an uncursed amulet of regeneration for 360 gold
                  | pieces
 16982 | D:9      | Killed Harold
 17010 | D:10     | Found a runed translucent gate.
 17010 | D:10     | Found a runed translucent gate.
 17010 | D:10     | Found a runed translucent gate.
 17011 | D:10     | Noticed lis82's ghost (journeyman AvFE)
 17011 | D:10     | Identified the +3 dagger of Degogiuf {venom, *Drain rN+
                  | Int+2}
 17340 | D:11     | Found Caacycs's Antique Armour Emporium.
 17358 | D:11     | Bought a crude cloak for 218 gold pieces
 17359 | D:11     | Identified the +5 cloak "Rangimotimm" {MR+ Str+4} (You
                  | bought it in a shop on level 11 of the Dungeon)
 17552 | D:11     | Found a staircase to the Orcish Mines.
 18213 | D:12     | Entered Level 12 of the Dungeon
 18276 | D:12     | Found Plog's Magic Scroll Shop.
 18308 | D:12     | Bought a scroll of blinking for 120 gold pieces
 18308 | D:12     | Bought 2 scrolls of teleportation for 96 gold pieces
 18308 | D:12     | Bought a scroll of fog for 32 gold pieces
 18308 | D:12     | Bought a scroll of teleportation for 48 gold pieces
 18308 | D:12     | Bought a scroll of enchant weapon for 120 gold pieces
 18308 | D:12     | Bought a scroll of identify for 32 gold pieces
 18308 | D:12     | Bought a scroll of identify for 32 gold pieces
 18308 | D:12     | Bought a scroll of identify for 32 gold pieces
 18308 | D:12     | Bought a scroll of identify for 32 gold pieces
 18324 | D:12     | Found a gate to the Vaults.
 18543 | D:12     | Reached skill level 4 in Poison Magic
 18545 | D:12     | Reached skill level 10 in Hexes
 18687 | D:12     | Found Wuthreurgh's General Store.
 18692 | D:12     | Bought a scroll of blinking for 75 gold pieces
 18692 | D:12     | Bought 2 scrolls of identify for 40 gold pieces
 18781 | D:12     | Noticed Jorgrun
 18819 | D:12     | Killed Jorgrun
 18994 | D:12     | Found a staircase to the Depths.
 19199 | D:12     | Found Qosohei's Antique Weapon Boutique.
 19571 | D:9      | Bought a book of Enchantments for 700 gold pieces
 19578 | D:9      | Learned a level 6 spell: Deflect Missiles
 19663 | Orc      | Entered the Orcish Mines
 19674 | Orc      | Reached skill level 5 in Short Blades
 19691 | Orc      | Found a roughly hewn altar of Beogh.
 19790 | Orc      | Found Rarecso's Assorted Antiques.
 19814 | Orc      | Bought 3 scrolls labeled METIACS WAERCHE for 105 gold
                  | pieces
 19814 | Orc      | Bought a silver wand for 140 gold pieces
 19853 | Orc      | Found a roughly hewn altar of Beogh.
 19903 | Orc      | Reached skill level 1 in Fire Magic
 19951 | Orc      | Reached skill level 1 in Charms
 19956 | Orc      | Noticed Rupert
 20014 | Orc      | Bought a sharpened iron wand for 140 gold pieces
 20179 | Orc      | Found a staircase to the Elven Halls.
 20262 | Orc      | Reached XP level 15. HP: 93/117 MP: 29/29
 20656 | Orc      | Killed Rupert
 20656 | Orc      | Reached skill level 5 in Air Magic
 20656 | Orc      | Reached skill level 5 in Poison Magic
 20884 | Orc      | Found Koall's Jewellery Emporium.
 20884 | Orc      | Found Cuczotone's Assorted Antiques.
 20884 | Orc      | Found Gale's Assorted Antiques.
 20884 | Orc      | Found Sixkoytecs's Distillery.
 20909 | Orc      | Bought a scroll of teleportation for 81 gold pieces
 20909 | Orc      | Bought a scroll of blinking for 202 gold pieces
 20911 | Orc      | Bought a bronze ring for 105 gold pieces
 20911 | Orc      | Bought a scroll of identify for 42 gold pieces
 20911 | Orc      | Bought a scroll of identify for 42 gold pieces
 21304 | Swamp:1  | Entered Level 1 of the Swamp
 21540 | Swamp:2  | Noticed Aizul
 21642 | Swamp:3  | Entered Level 3 of the Swamp
 21899 | Swamp:2  | Killed Aizul
 22066 | Swamp:3  | Noticed a thorn hunter
 22099 | Swamp:3  | Killed a thorn hunter
 22173 | Swamp:3  | Reached skill level 6 in Poison Magic
 22178 | Swamp:3  | Noticed a thorn hunter
 22994 | Swamp:3  | Got a decaying rune of Zot
 23035 | Swamp:2  | Noticed Bai Suzhen
 23385 | Lair:2   | Upgraded the game from bcrawl-1.15-1-g696c4cd9b6 to
                  | bcrawl-1.15.1
 23385 | Lair:2   | Chiseanne: !beem
 23385 | Lair:2   | beem: I'm a bot that sends commands to the DCSS IRC
                  | knowledge bots. For details, see
                  | https://github.com/gammafunk/beem/blob/master/docs/commands
                  | .md and to have me watch your games on this server, type:
                  | !subscribe
 23483 | D:9      | Bought a manual of Poison Magic for 1545 gold pieces
 23623 | Snake:1  | Entered Level 1 of the Snake Pit
 23639 | Snake:1  | Reached XP level 16. HP: 124/124 MP: 30/30
 23720 | Lair:4   | Reached skill level 7 in Poison Magic
 23807 | Snake:1  | Found Qemag's Jewellery Shop.
 23886 | Snake:1  | Bought a cursed amulet of inaccuracy for 36 gold pieces
 23992 | Snake:1  | Reached skill level 8 in Poison Magic
 24103 | Snake:1  | Reached skill level 9 in Poison Magic
 24670 | Snake:2  | Reached skill level 10 in Poison Magic
 24966 | Snake:2  | Reached skill level 11 in Poison Magic
 24968 | Snake:2  | HP: 3/124 [naga sharpshooter/bolt (23)]
 25047 | Snake:2  | Found a frozen archway.
 25072 | IceCv    | Entered an ice cave
 25646 | IceCv    | Noticed an Ice Fiend
 25680 | IceCv    | Reached skill level 12 in Poison Magic
 25716 | IceCv    | HP: 3/124 [Ice Fiend/bolt of cold (15)]
 25921 | IceCv    | Identified the +1 helmet "Cekistam" {+Fly rF- MP+9 Slay+6}
 25923 | IceCv    | Identified a +0 pair of boots of running
 26211 | Snake:3  | Entered Level 3 of the Snake Pit
 26542 | Snake:3  | Reached skill level 13 in Poison Magic
 26630 | Snake:3  | Learned a level 6 spell: Infestation
 26683 | Snake:3  | Reached skill level 1 in Transmutations
 27080 | Snake:3  | HP: 3/124 [naga warrior/silver javelin (9)]
 27887 | Snake:3  | Reached skill level 5 in Transmutations
 28130 | Snake:3  | Reached XP level 17. HP: 64/129 MP: 26/31
 29529 | Snake:3  | Chiseanne: ??Fists of thunder
 29529 | Snake:3  | beem: I don't have a page labeled Fists_of_thunder in my
                  | learndb.
 29915 | Snake:3  | Got a serpentine rune of Zot
 30599 | D:10     | Killed lis82's ghost
 30865 | D:9      | Bought a manual of Maces & Flails for 1545 gold pieces
 30999 | D:12     | Bought the ring "Aptyemoc" {rPois rF+ MR- Int+5} for 685
                  | gold pieces
 31038 | D:12     | Learned a level 5 spell: Silence
 31044 | D:12     | Learned a level 5 spell: Summon Mana Viper
 31046 | Depths:1 | Entered Level 1 of the Depths
 31070 | Depths:1 | Found a gateway to a ziggurat.
 31084 | Depths:1 | Reached skill level 1 in Maces & Flails
 31429 | Depths:1 | Reached skill level 5 in Maces & Flails
 31722 | Depths:1 | Slain by a jiangshi

Skill      XL: |  1  2  3  4  5  6  7  8  9 10 11 12 13 14 15 16 17 |
---------------+----------------------------------------------------+-----
Fighting       | 2 3 4 5 7 8 9 10 | 10.6
Dodging        | 3 4 5 6 7 8 9 10 | 10.2
Stealth        | 3 4 |  4.4
Short Blades   | 1 2 3 5 |  5.3
Spellcasting   | 3 6 8 9 10 | 10.9
Hexes          | 2 5 6 7 8 9 10 11 | 11.4
Shields        | 2 4 5 7 |  7.3
Evocations     | 1 3 4 |  4.9
Conjurations   | 3 4 |  4.3
Air Magic      | 3 4 6 |  6.3
Poison Magic   | 3 4 6 13 | 13.0
Translocations | 2 4 |  4.1
Fire Magic     | 1 4 |  4.8
Charms         | 1 4 |  4.9
Transmutations | 5 9 |  9.2
Maces & Flails | 6 |  6.3
Throwing       | |  0.3

Action                   |  1- 3 |  4- 6 |  7- 9 | 10-12 | 13-15 | 16-18 || total
-------------------------+-------+-------+-------+-------+-------+-------++-------
Melee: Whip              |    44 |       |       |       |       |       ||    44
       Dagger            |    74 |   293 |   374 |  1081 |  1745 |   994 ||  4561
       Trident           |       |     9 |    21 |     4 |       |       ||    34
       Hand axe          |       |       |       |    38 |       |       ||    38
       Flail             |       |       |       |       |   137 |   380 ||   517
Throw: Stone             |     1 |       |       |       |       |       ||     1
       Tomahawk          |       |       |     2 |    23 |    73 |    19 ||   117
       Javelin           |       |       |       |       |       |   157 ||   157
       Throwing net      |       |       |       |       |       |     4 ||     4
 Cast: Confuse           |       |       |    21 |   139 |   189 |   207 ||   556
       Dazzling Spray    |       |       |       |     9 |    29 |   316 ||   354
       Blink             |       |       |       |     2 |    17 |     3 ||    22
       Conjure Flame     |       |       |       |     1 |     9 |     6 ||    16
       Mephitic Cloud    |       |       |       |       |    46 |       ||    46
       Summon Mana Viper |       |       |       |       |       |     5 ||     5
       Infestation       |       |       |       |       |       |     1 ||     1
Invok: Call Merchant     |       |       |     1 |     1 |     2 |     1 ||     5
Evoke: Wand              |       |       |     5 |    10 |    48 |    13 ||    76
       Phial of floods   |       |       |       |     1 |     3 |     5 ||     9
       Fan of gales      |       |       |       |     1 |     3 |     2 ||     6
       Lightning rod     |       |       |       |       |       |    13 ||    13
       Lamp of fire      |       |       |       |       |       |     3 ||     3
  Use: Scroll            |     2 |     4 |     6 |    15 |    22 |     9 ||    58
 Stab: Sleeping          |     5 |     4 |    13 |     9 |    11 |       ||    42
       Distracted        |       |     1 |     2 |     7 |     6 |     5 ||    21
       Confused          |       |       |    11 |    34 |    88 |    92 ||   225
       Invisible         |       |       |       |     1 |     2 |    65 ||    68
       Held in net/web   |       |       |       |       |       |     2 ||     2
Armor: Robe              |    41 |    47 |    53 |   218 |   322 |   230 ||   911
       Ring mail         |       |    29 |       |       |       |       ||    29
Dodge: Dodged            |    75 |   201 |   238 |   927 |  1434 |   976 ||  3851
Block: Buckler           |       |       |    57 |   490 |   880 |   610 ||  2037
       Reflection        |       |       |       |     7 |    15 |    92 ||   114
